 Dungeon Crawl Stone Soup version 0.31-a0-182-gc5ef74bbde (webtiles) character file.

Game seed: 16345137348783983596

1204 qw the Cleaver (level 8, -2/51 HPs)
             Began as a Gargoyle Fighter on June 21, 2023.
             Slain by a vampire (8 damage)
             ... on level 5 of the Dungeon.
             The game lasted 00:02:16 (4503 turns).

qw the Cleaver (Gargoyle Fighter)                   Turns: 4503, Time: 00:02:17

Health: -2/51      AC: 19    Str: 21    XL:     8   Next: 45%
Magic:  8/8        EV: 13    Int: 10    God:
Gold:   254        SH:  4    Dex:  9    Spells: 7/7 levels left

rFire   . . .        Y - +1 war axe (venom)
rCold   + . .        c - +0 buckler
rNeg    + . .        l - +2 chain mail {rC+}
rPois   inf          h - +2 helmet
rElec   +            (no cloak)
rCorr   .            (no gloves)
SInv    .            (no boots)
Will    .....        (no amulet) Stlth
                     i - +5 ring of evasion
HPRegen 0.28/turn    (no ring)
MPRegen 0.11/turn

%: no passive effects
@: no status effects
A: sickness immunity, AC +5, negative energy resistance 1, electricity
resistance, torment resistance 1, petrification resistance
a: no special abilities


You were on level 5 of the Dungeon.
You visited 1 branch of the dungeon, and saw 5 of its levels.

You collected 254 gold pieces.


Innate Abilities, Weirdness & Mutations

You are immune to sickness and miasma.
Your stone body is resilient. (AC +5)
You are immune to poison.
You resist negative energy. (rN+)
You are resistant to electric shocks. (rElec)
You are resistant to unholy torment.
You are immune to petrification.


   Skills:
 - Level 6.0 Fighting
 - Level 8.0 Axes
 + Level 0.0 Throwing
 - Level 3.3 Armour
 - Level 1.0 Dodging
 - Level 3.2 Shields


You had 7 spell levels left.
You didn't know any spells.
Your spell library was empty.

Inventory:

Hand Weapons
 f - a +0 flail
 Y - a +1 war axe of venom (weapon)
Missiles
 p - 3 boomerangs (quivered)
Armour
 c - a +0 buckler (worn)
 h - a +2 helmet (worn)
 l - a +2 chain mail of cold resistance (worn)
Jewellery
 i - a +5 ring of evasion (left hand)
 m - a ring of wizardry
Scrolls
 g - 5 scrolls of identify
 j - a scroll of teleportation
 o - a scroll of revelation {unknown}
Potions
 a - 2 potions of curing
 b - 2 potions of resistance
 d - 4 potions of might
 e - a potion of enlightenment
 k - a potion of magic
 n - a potion of brilliance {unknown}

Dungeon Overview and Level Annotations

Branches:
Dungeon (5/15)
 Temple: D:4-7

Altars:

Shops:
D:1 :

Annotations:
D:5 2 transporters, qw's ghost, novice GrFi


Message History

Something hits you but does no damage. Something barely misses you.
You closely miss something. You block something's attack.
Something bites you but does no damage. Something barely misses you.
Something bites you but does no damage.
You slash something! Something hits you but does no damage.
Something bites you.
You hit something. Something hits you but does no damage. Something bites you!
You hit something.
You hear some strange, mumbled words.
You are confused.
You completely miss something. Something hits you but does no damage.
Something bites you but does no damage. Something hits you but does no damage.
Something bites you but does no damage.
You're too confused to move!
Something hits you but does no damage. Something bites you but does no damage.
You barely miss something. Something hits you but does no damage.
Something bites you but does no damage.
You feel less confused. Something hits you but does no damage.
Something bites you.
Enter note:
Enter note:
Enter note:
Enter note:
Enter note:
Enter note:
Enter note:
Enter note:
Enter note:
Enter note: You miss something.
Something hits you but does no damage. Something bites you but does no damage.
You closely miss something. Something hits you but does no damage.
Something bites you! Something hits you but does no damage.
Something bites you but does no damage.
You slash something! Something hits you.
Something bites you but does no damage.
You miss something. Something hits you. Something bites you!
You die...

##### ##### ..... # ....# ......
. ....# ...... ........ ....#
......####### ........ ....#
.......@....# #.....# ....#
######.{....+ #.....# ...#######
#......# #.....# ...#.....#
#......# #.....# #%.'.....#
#..##### #......
#'##.....######......+ +......
.........#....##....## #.##.<#
....##'###.....)....# ###.##[)#
....#....#....)#........#..?.....


There were no monsters in sight!

Vanquished Creatures
  An ice beast (D:5)
  An ogre (D:4)
  A phantom (D:4)
  A scorpion (D:5)
  A jelly (D:5)
  2 hounds (D:4)
  6 orc priests
  A gnoll bouda (D:4)
  6 sleepcaps
  2 iguanas (D:5)
  5 orc wizards
  7 gnolls (D:4)
  9 adders
  A shadow imp (D:5)
  2 worms
  4 dart slugs
  18 orcs
  8 ball pythons
  8 endoplasms
  3 giant cockroaches
  4 goblins
  2 hobgoblins
  4 jackals (D:1)
  2 quokkas
  4 bats
  A frilled lizard (D:2)
  5 kobolds
  7 rats
116 creatures vanquished.

Notes
Turn   | Place    | Note
-------+----------+-------------------------------------------
     0 | D:1      | qw the Gargoyle Fighter began the quest for the Orb.
     0 | D:1      | Reached XP level 1. HP: 14/14 MP: 1/1
     0 | D:1      | 0 ||| qw: Version: 0.3-a-9-g12657ce
     0 | D:1      | 0 ||| qw: Game counter: 1584
     0 | D:1      | 0 ||| qw: Always use a shield: true
     0 | D:1      | 0 ||| qw: God list: Okawaru
     0 | D:1      | 0 ||| qw: Allow faded altars: false
     0 | D:1      | 0 ||| qw: Do Orc after D:15 true
     0 | D:1      | 0 ||| qw: Do second Lair branch before Depths: true
     0 | D:1      | 0 ||| qw: Lair rune preference: random
     0 | D:1      | 0 ||| qw: Plans: Normal, Zot:1-4, Slime:5, God:TSO, Crypt,
                  | Tomb, Abyss, Pan, Hells, Win
     0 | D:1      | 0 ||| PLANNING D:1-11
    78 | D:1      | Reached skill level 2 in Axes
   117 | D:1      | Reached XP level 2. HP: 19/19 MP: 2/2
   217 | D:1      | Found Jekhluri's Book Boutique.
   387 | D:1      | 387 ||| DROPPING +0 club.
   645 | D:1      | 645 ||| UPGRADING to +2 chain mail of cold resistance.
   655 | D:1      | 655 ||| DROPPING +0 scale mail.
   656 | D:1      | 656 ||| UPGRADING to +5 ring of evasion.
   657 | D:1      | 657 ||| READING scroll labelled GOJICZ XI KEO.
   658 | D:1      | 658 ||| READING 5 scrolls labelled WOTOUZ HOME.
   659 | D:1      | 659 ||| READING scroll labelled JUBOCWOOMP.
   660 | D:1      | 660 ||| READING scroll labelled BUEDU ODUPH.
   761 | D:1      | 761 ||| READING scroll labelled OXA TOZXUQING.
   762 | D:1      | 762 ||| READING 4 scrolls of identify.
   762 | D:1      | 762 ||| IDENTIFYING bubbling white potion
   763 | D:1      | 763 ||| READING 3 scrolls of identify.
   763 | D:1      | 763 ||| IDENTIFYING sedimented white potion
   877 | D:2      | 877 ||| Stepping ~*~*~tactically~*~*~ (stealth).
   878 | D:2      | 878 ||| Stepping ~*~*~tactically~*~*~ (stealth).
   900 | D:2      | Reached skill level 3 in Axes
   901 | D:2      | Reached XP level 3. HP: 23/23 MP: 3/3
   939 | D:2      | 939 ||| DROPPING +0 whip.
  1067 | D:2      | 1067 ||| Stepping ~*~*~tactically~*~*~ (stealth).
  1073 | D:2      | 1073 ||| Stepping ~*~*~tactically~*~*~ (stealth).
  1090 | D:2      | Reached XP level 4. HP: 28/28 MP: 4/4
  1097 | D:2      | 1097 ||| Stepping ~*~*~tactically~*~*~ (hiding).
  1102 | D:2      | 1102 ||| Stepping ~*~*~tactically~*~*~ (hiding).
  1332 | D:2      | 1332 ||| Stepping ~*~*~tactically~*~*~ (stealth).
  1483 | D:2      | 1483 ||| READING scroll labelled YPLAMO XAGEEGH.
  1484 | D:2      | 1484 ||| READING scroll labelled FAHECV XAHEBB.
  1489 | D:2      | 1489 ||| READING 6 scrolls of identify.
  1489 | D:2      | 1489 ||| IDENTIFYING fizzy blue potion
  1610 | D:3      | Reached skill level 4 in Axes
  1742 | D:3      | Found a faded altar of an unknown god.
  1872 | D:3      | 1872 ||| Stepping ~*~*~tactically~*~*~ (water).
  1952 | D:3      | Reached XP level 5. HP: 32/32 MP: 5/5
  2330 | D:3      | Reached skill level 5 in Axes
  2338 | D:3      | Reached XP level 6. HP: 30/38 MP: 6/6
  2515 | D:3      | 2515 ||| UPGRADING to +1 hat.
  2520 | D:3      | 2520 ||| READING scroll labelled KIERPH PICRUFI.
  2521 | D:3      | 2521 ||| READING scroll labelled NYOZUS CU INUE.
  2522 | D:3      | 2522 ||| READING 5 scrolls of identify.
  2522 | D:3      | 2522 ||| IDENTIFYING metallic grey potion
  2604 | D:4      | 2604 ||| DROPPING +0 mace.
  2608 | D:4      | 2608 ||| Stepping ~*~*~tactically~*~*~ (stealth).
  2626 | D:4      | 2626 ||| Stepping ~*~*~tactically~*~*~ (hiding).
  2767 | D:4      | Reached skill level 6 in Axes
  2945 | D:4      | 2945 ||| Stepping ~*~*~tactically~*~*~ (hiding).
  2954 | D:4      | Reached skill level 1 in Dodging
  2954 | D:4      | Reached XP level 7. HP: 27/43 MP: 7/7
  3283 | D:4      | 3283 ||| Stepping ~*~*~tactically~*~*~ (stealth).
  3650 | D:4      | 3650 ||| UPGRADING to +2 helmet.
  3660 | D:4      | 3660 ||| DROPPING +1 hat.
  3687 | D:5      | Entered Level 5 of the Dungeon
  3706 | D:5      | Reached skill level 7 in Axes
  3721 | D:5      | 3721 ||| Stepping ~*~*~tactically~*~*~ (hiding).
  3722 | D:5      | 3722 ||| FLEEEEING.
  3724 | D:5      | 3724 ||| FLEEEEING.
  3725 | D:5      | 3725 ||| STAIRDANCE
  3775 | D:5      | 3775 ||| STAIRDANCE
  3867 | D:5      | 3867 ||| Stepping ~*~*~tactically~*~*~ (hiding).
  3900 | D:5      | 3900 ||| FLEEEEING.
  3901 | D:5      | 3901 ||| STAIRDANCE
  3939 | D:5      | Reached XP level 8. HP: 49/49 MP: 8/8
  4059 | D:5      | Found a transporter.
  4073 | D:5      | 4073 ||| Stepping ~*~*~tactically~*~*~ (hiding).
  4085 | D:5      | Reached skill level 8 in Axes
  4088 | D:5      | 4088 ||| Stepping ~*~*~tactically~*~*~ (stealth).
  4089 | D:5      | 4089 ||| Stepping ~*~*~tactically~*~*~ (stealth).
  4094 | D:5      | 4094 ||| Stepping ~*~*~tactically~*~*~ (stealth).
  4282 | D:5      | Noticed a wraith
  4283 | D:5      | Noticed qw's ghost (novice GrFi)
  4288 | D:5      | Found a transporter.
  4465 | D:5      | Reached skill level 6 in Fighting
  4476 | D:5      | Noticed a vampire
  4501 | D:5      | HP: 8/51 [something (10)]
  4503 | D:5      | Slain by a vampire

Levels and vault maps discovered:
D:1:      dpeg_arrival_stonehenge_8_columns, layout_basic, serial_shops,
          nicolae_book_shop_shelving, amcnicky_mini_corridor_feature,
          ebering_dispersal_statue_hall, minivault_14, minmay_door_square
D:2:      layout_loops_cross
D:3:      wad_woods_pond, layout_basic, nicolae_ecumenical_snake_handling,
          minmay_misc_feat_nine_boxes, hangedman_abyss_or_decor_stabs,
          hellmonk_no_cap
D:4:      layout_basic
D:5:      layout_gridville, gammafunk_ghost_arena

Skill      XL: |  1  2  3  4  5  6  7  8 |
---------------+-------------------------+-----
Axes           | 2 3 4 5 6 7 8 |  8.0
Fighting       | 4 5 6 |  6.0
Dodging        | 1 |  1.0
Armour         | |  3.3
Shields        | |  3.2

Action                     |  1- 3 |  4- 6 |  7- 9 || total
---------------------------+-------+-------+-------++-------
  Melee: War axe           |    95 |   122 |   144 ||   361
  Throw: Boomerang         |       |       |     8 ||     8
    Use: Scroll            |     7 |     6 |       ||    13
 Armour: Scale mail        |    30 |       |       ||    30
         Chain mail        |    29 |    46 |    76 ||   151
  Dodge: Dodged            |    46 |    68 |    63 ||   177
  Block: Buckler           |    14 |    22 |    23 ||    59

Table legend:
 A = Non-vault XP
 B = Vault XP
 C = Vault XP percentage of total XP
 D = Non-vault monster count
 E = Vault monster count
 F = Vault count percentage of total count
                 A         B        C        D         E       F
            +---------+---------+-------+---------+---------+-------
      Total |    1562 |     158 |   9.2 |     106 |      10 |   8.6
            +---------+---------+-------+---------+---------+-------
        D:1 |      23 |       0 |   0.0 |      14 |       0 |   0.0
        D:2 |      75 |       0 |   0.0 |      20 |       0 |   0.0
        D:3 |      67 |     158 |  70.2 |      15 |      10 |  40.0
        D:4 |     690 |       0 |   0.0 |      32 |       0 |   0.0
        D:5 |     707 |       0 |   0.0 |      25 |       0 |   0.0
            +---------+---------+-------+---------+---------+-------
